 Dungeon Crawl Stone Soup version 0.26-a0-952-g76694b35de (webtiles) character file.

Game seed: 10463348102608562814

14413 gnollp the Fighter (level 12, -1/96 (97) HPs)
             Began as a Gnoll Wanderer on Nov 30, 2020.
             Was an Initiate of Gozag.
             Slain by a cane toad (15 damage)
             ... on level 2 of the Lair of Beasts.
             The game lasted 00:33:52 (18926 turns).

gnollp the Fighter (Gnoll Wanderer)                Turns: 18926, Time: 00:33:53

HP:   -1/96 (97)    AC: 10    Str: 20    XL:     12   Next: 16%
MP:   0/23          EV: 15    Int: 20    God:    Gozag
Gold: 926           SH:  7    Dex: 15    Spells: 18/26 levels left

rFire    . . .     SeeInvis .   a - +1 hand axe (venom)
rCold    . . .     Faith    .   H - +1 buckler {rPois}
rNeg     . . .     Spirit   +   I - +3 ring mail "Nisy" {rPois Stlth+}
rPois    +         Reflect  .   (no helmet)
rElec    .         Harm     .   (no cloak)
rCorr    .         Rampage  .   D - +0 pair of gloves
MR       .....                  (no boots)
Stlth    +++++.....             C - amulet of guardian spirit
HPRegen  0.26/turn              w - +6 ring of strength
MPRegen  0.18/turn              O - ring of stealth

@: no status effects
A: distributed training, fangs 1, strong nose
a: Potion Petition, Call Merchant, Bribe Branch, Renounce Religion


You were on level 2 of the Lair of Beasts.
You worshipped Gozag.
Gozag was pleased with you.
You visited 2 branches of the dungeon, and saw 12 of its levels.
You also visited: Bailey.

You collected 2475 gold pieces.
You paid 1549 gold pieces to Gozag.

Inventory:

Hand Weapons
 a - a +1 hand axe of venom (weapon)
 b - a +3 vorpal hand axe
 g - a -3 hand axe
 k - a +0 dagger
 o - the +2 spear "Hiratap" {drain, +Inv}
   (You found it on level 6 of the Dungeon)

   A truly terrible weapon, it drains the life of those it strikes.
   It lets you turn invisible.
 r - a +0 vorpal spear
Missiles
 c - 56 poisoned darts (quivered)
 P - a throwing net
Armour
 e - a +0 robe
 h - a +2 buckler
 t - a -2 ring mail
 A - a +0 ring mail
 D - a +0 pair of gloves (worn)
 H - a +1 buckler of poison resistance (worn)
 I - the +3 ring mail "Nisy" (worn) {rPois Stlth+}
   (You found it on level 8 of the Dungeon)

   It protects you from poison.
   It makes you more stealthy.
Jewellery
 d - an uncursed ring of positive energy
 f - an uncursed ring of resist corrosion
 u - an uncursed amulet of reflection
 w - a +6 ring of strength (left hand)
 y - an uncursed ring of flight
 C - an amulet of guardian spirit (around neck)
 O - a ring of stealth (right hand)
Wands
 F - a wand of enslavement (10)
 L - a wand of digging (4)
 N - a wand of flame (23)
Scrolls
 i - 3 scrolls of magic mapping
 j - a scroll of enchant armour
 l - 5 scrolls of amnesia {unknown}
 n - 3 scrolls of fear
 s - a scroll of remove curse
 x - 4 scrolls of blinking
 B - 3 scrolls of enchant weapon
 G - a scroll of fog
 J - a scroll of immolation
 K - a scroll of vulnerability
 M - a scroll of teleportation
Potions
 m - a potion of flight
 p - a potion of magic
 q - a potion of haste
 z - a potion of resistance
 E - a potion of cancellation


   Skills:
 + Level 9.6 Fighting
 + Level 7.0 Short Blades
 + Level 7.0 Long Blades
 + Level 7.0 Axes
 + Level 7.0 Maces & Flails
 + Level 7.0 Polearms
 + Level 7.0 Staves
 + Level 7.0 Slings
 + Level 7.0 Bows
 + Level 7.0 Crossbows
 + Level 7.5 Throwing
 + Level 7.0 Armour
 + Level 7.0 Dodging
 + Level 7.0 Stealth
 + Level 7.5 Shields
 + Level 7.0 Unarmed Combat
 + Level 7.6 Spellcasting
 + Level 6.2 Conjurations
 + Level 5.8 Hexes
 + Level 5.8 Summonings
 + Level 5.8 Necromancy
 + Level 5.8 Translocations
 + Level 5.8 Transmutations
 + Level 5.8 Fire Magic
 + Level 5.8 Ice Magic
 + Level 5.8 Air Magic
 + Level 5.8 Earth Magic
 + Level 8.1 Poison Magic
 + Level 7.7 Invocations
 + Level 7.0 Evocations


You had 18 spell levels left.
You knew the following spells:

 Your Spells              Type           Power        Failure   Level
a - Sting                 Tmut/Pois      ####         1%          1
b - Mephitic Cloud        Conj/Pois/Air  ####....     2%          3
c - Olgreb's Toxic Radia  Pois           #####...     4%          4

Your spell library contained the following spells:

 Spells                   Type           Power        Failure   Level
 Animate Skeleton         Necr           ####..       1%          1
 Apportation              Tloc           ####..       1%          1
 Corona                   Hex            ####...      1%          1
 Pain                     Necr           ####         1%          1
 Summon Small Mammal      Summ           ####         1%          1
 Poisonous Vapours        Pois/Air       #####.       1%          2
 Ignite Poison            Fire/Tmut/Pois ####....     2%          3
 Vampiric Draining        Necr           ####......   3%          3
 Animate Dead             Necr           ####......   12%         4
 Iskenderun's Battlesphe  Conj           ####....     28%         5
 Bolt of Magma            Conj/Fire/Erth ####......   32%         5
 Agony                    Necr           ####....     34%         5
 Iron Shot                Conj/Erth      ####......   87%         6
 Orb of Destruction       Conj           ####......   100%        7
 Spellforged Servitor     Conj/Summ      ####......   100%        7


Dungeon Overview and Level Annotations

Branches:
Dungeon (10/15)            Temple (0/1) D:6            Lair (2/6) D:9
 Bailey (visited)
  Swamp: Lair:2-4    Shoals: Lair:2-4     Snake: Lair:2-4    Spider: Lair:2-4
    Orc: D:9-12

Altars:
Ashenzari
Cheibriados
Dithmenos
Gozag
Makhleb
Okawaru
Sif Muna
Vehumet
Xom

Shops:
D:6 (   D:8 *

Annotations:
D:10 exclusion: ugly thing


Innate Abilities, Weirdness & Mutations

Your experience applies equally to all skills.
You have very sharp teeth.
Your uncanny sense of smell can sniff out nearby items.


Message History

You hit the cane toad but do no damage. The cane toad barely misses you.
The cane toad misses you.
Unknown command.
You hit the cane toad but do no damage.
The cane toad is poisoned.
The cane toad is severely wounded.
You hit the cane toad but do no damage.
The cane toad looks as sick as possible!
The cane toad stings you but does no damage.
You block the cane toad's attack.
Unknown command.
You closely miss the cane toad.
The cane toad is severely wounded.
You hit the cane toad. The cane toad stings you!!
* * * LOW HITPOINT WARNING * * *
The cane toad barely misses you. The cane toad stings you.
* * * LOW HITPOINT WARNING * * *
The cane toad barely misses you. The cane toad stings you!!
You die...
Your body crumbles into a pile of gold.

...≈≈≈ §# ≈≈≈
.....§§§##≈##≈≈ .
#....≈§§§≈≈≈≈§≈≈.
.#..#..§§.§......
....P...§......#
#........#....#
.#...#.....#...#
.........F.....##
.......F.@......#
...............##
...#..........#
.P...#....##..##
##.. #....##..P#
....#....#...##
#.........#..#
..##....#...##
.........##...#


You could see 2 cane toads.

Vanquished Creatures
  Erolcha (D:9)
  2 two-headed ogres
  Maggie (D:7)
  2 komodo dragons (Lair:1)
  A hornet (D:10)
  A merfolk (D:10)
  3 trolls
  4 blink frogs (Lair:1)
  16 yaks
  Menkaure (D:7)
  8 water moccasins
  10 orc warriors
  2 sky beasts
  2 ice beasts
  A black bear (D:9)
  2 necrophages
  7 ogres
  10 wolves
  A centaur (D:6)
  2 big kobolds
  Blork the orc (D:6)
  9 bullfrogs
  2 wyvern skeletons
  7 scorpions
  14 wights
  An electric eel (Lair:2)
  A howler monkey (D:5)
  A quasit (D:7)
  A centaur zombie (D:9)
  2 jellies (D:6)
  A bullfrog skeleton (D:5)
  8 orc priests
  6 hounds
  11 orc wizards
  Terence (D:3)
  3 worker ants
  Natasha (D:3)
  7 iguanas
  2 hound skeletons (D:7)
  16 adders
  7 gnolls
  4 white imps
  4 ufetubi
  2 oozes (D:3)
  2 worms
  3 dart slugs
  4 leopard geckos
  50 orcs
  6 giant cockroaches
  4 goblins
  7 hobgoblins
  23 jackals
  2 quokkas
  4 ball pythons
  4 bats
  5 frilled lizards
  22 kobolds
  2 leopard gecko zombies (D:6)
  A quokka skeleton (D:5)
  4 rats
332 creatures vanquished.

Vanquished Creatures (others)
  29 fungi
  31 plants
60 creatures vanquished.

Grand Total: 392 creatures vanquished

Notes
Turn   | Place    | Note
-------+----------+-------------------------------------------
     0 | D:1      | gnollp the Gnoll Wanderer began the quest for the Orb.
     0 | D:1      | gnollp set off with the following items: a +0 dagger, a
                  | potion of lignification, 10 poisoned darts, a +0 robe; and
                  | the following spell memorised: Sting; and the following
                  | spells available to memorise: Poisonous Vapours, Mephitic
                  | Cloud, Olgreb's Toxic Radiance, Ignite Poison
     0 | D:1      | Reached XP level 1. HP: 23/23 MP: 4/4
   384 | D:1      | Reached XP level 2. HP: 29/29 MP: 1/5
  1017 | D:2      | Reached XP level 3. HP: 4/35 MP: 0/7
  1505 | D:1      | Reached skill level 1 in Invocations
  1582 | D:1      | Reached skill level 1 in Short Blades
  1582 | D:1      | Reached skill level 1 in Long Blades
  1582 | D:1      | Reached skill level 1 in Axes
  1582 | D:1      | Reached skill level 1 in Maces & Flails
  1582 | D:1      | Reached skill level 1 in Polearms
  1582 | D:1      | Reached skill level 1 in Staves
  1582 | D:1      | Reached skill level 1 in Slings
  1582 | D:1      | Reached skill level 1 in Bows
  1582 | D:1      | Reached skill level 1 in Crossbows
  1582 | D:1      | Reached skill level 1 in Armour
  1582 | D:1      | Reached skill level 1 in Dodging
  1582 | D:1      | Reached skill level 1 in Stealth
  1582 | D:1      | Reached skill level 1 in Unarmed Combat
  1582 | D:1      | Reached skill level 1 in Evocations
  1582 | D:1      | Reached XP level 4. HP: 22/41 MP: 2/8
  1730 | D:2      | Reached skill level 1 in Hexes
  1730 | D:2      | Reached skill level 1 in Summonings
  1730 | D:2      | Reached skill level 1 in Necromancy
  1730 | D:2      | Reached skill level 1 in Translocations
  1730 | D:2      | Reached skill level 1 in Transmutations
  1730 | D:2      | Reached skill level 1 in Fire Magic
  1730 | D:2      | Reached skill level 1 in Ice Magic
  1730 | D:2      | Reached skill level 1 in Air Magic
  1730 | D:2      | Reached skill level 1 in Earth Magic
  1734 | D:2      | Learned a level 3 spell: Mephitic Cloud
  2037 | D:2      | Reached XP level 5. HP: 40/47 MP: 2/9
  3107 | D:3      | Noticed Terence
  3122 | D:3      | Killed Terence
  3123 | D:3      | Reached XP level 6. HP: 40/53 MP: 3/10
  3548 | D:3      | Noticed Natasha
  3553 | D:3      | Killed Natasha
  3989 | D:4      | Reached XP level 7. HP: 49/59 MP: 12/12
  4064 | D:4      | Reached skill level 7 in Fighting
  4521 | D:4      | Found a shimmering altar of Xom.
  4858 | D:4      | Found an opulent altar of Gozag.
  5037 | D:4      | Became a worshipper of Gozag Ym Sagoz the Greedy
  5116 | D:5      | Entered Level 5 of the Dungeon
  5590 | D:5      | Found an iron altar of Okawaru.
  5631 | D:5      | Found a broken altar of Ashenzari.
  6362 | D:6      | Reached XP level 8. HP: 29/67 MP: 12/14
  6423 | D:6      | HP: 2/67 [wight/+0 battleaxe (11)]
  7795 | D:6      | Found a radiant altar of Vehumet.
  8132 | D:6      | Found a staircase to the Ecumenical Temple.
  8240 | D:6      | Reached XP level 9. HP: 29/72 MP: 4/16
  8488 | D:6      | Found Tuorchor's Weapon Boutique.
  8688 | D:6      | Got a slimy spear
  8689 | D:6      | Identified the +2 spear "Hiratap" {drain, +Inv} (You found
                  | it on level 6 of the Dungeon)
  8719 | D:6      | Reached skill level 5 in Spellcasting
  8968 | D:6      | Found an opulent altar of Gozag.
  9040 | D:6      | Noticed Blork the orc
  9051 | D:6      | Killed Blork the orc
  9121 | D:6      | Found a shimmering blue altar of Sif Muna.
  9670 | D:7      | Reached skill level 5 in Throwing
  9670 | D:7      | Reached skill level 5 in Shields
  9884 | D:7      | Found a flagged portal.
  9909 | Bailey   | Entered a bailey
 10311 | Bailey   | Reached skill level 8 in Fighting
 10381 | Bailey   | Found a burning altar of Makhleb.
 10507 | D:7      | Reached skill level 5 in Invocations
 10530 | D:7      | Noticed Menkaure
 11491 | D:7      | Reached XP level 10. HP: 80/80 MP: 11/18
 11587 | D:7      | Found a shadowy altar of Dithmenos.
 11773 | D:7      | Killed Menkaure
 11849 | D:7      | Found a burning altar of Makhleb.
 12296 | D:7      | Noticed Maggie
 12314 | D:7      | Killed Maggie
 12315 | D:7      | Reached skill level 5 in Short Blades
 12315 | D:7      | Reached skill level 5 in Long Blades
 12315 | D:7      | Reached skill level 5 in Axes
 12315 | D:7      | Reached skill level 5 in Maces & Flails
 12315 | D:7      | Reached skill level 5 in Polearms
 12315 | D:7      | Reached skill level 5 in Staves
 12315 | D:7      | Reached skill level 5 in Slings
 12315 | D:7      | Reached skill level 5 in Bows
 12315 | D:7      | Reached skill level 5 in Crossbows
 12315 | D:7      | Reached skill level 5 in Armour
 12315 | D:7      | Reached skill level 5 in Dodging
 12315 | D:7      | Reached skill level 5 in Stealth
 12315 | D:7      | Reached skill level 5 in Unarmed Combat
 12315 | D:7      | Reached skill level 5 in Evocations
 12556 | D:8      | Noticed a two-headed ogre
 12581 | D:7      | Killed a two-headed ogre
 12659 | D:7      | Learned a level 4 spell: Olgreb's Toxic Radiance
 12733 | D:8      | Noticed a two-headed ogre
 12752 | D:8      | Killed a two-headed ogre
 12753 | D:8      | Reached skill level 5 in Conjurations
 13019 | D:8      | Got an ancient ring mail
 13034 | D:8      | Identified the +3 ring mail "Nisy" {rPois Stlth+} (You
                  | found it on level 8 of the Dungeon)
 13641 | D:9      | Reached XP level 11. HP: 35/86 MP: 8/20
 14047 | D:9      | Found a staircase to the Lair.
 14062 | D:9      | Noticed Erolcha
 14082 | D:9      | Killed Erolcha
 14083 | D:9      | Reached skill level 9 in Fighting
 14083 | D:9      | Reached skill level 5 in Hexes
 14083 | D:9      | Reached skill level 5 in Summonings
 14083 | D:9      | Reached skill level 5 in Necromancy
 14083 | D:9      | Reached skill level 5 in Translocations
 14083 | D:9      | Reached skill level 5 in Transmutations
 14083 | D:9      | Reached skill level 5 in Fire Magic
 14083 | D:9      | Reached skill level 5 in Ice Magic
 14083 | D:9      | Reached skill level 5 in Air Magic
 14083 | D:9      | Reached skill level 5 in Earth Magic
 14240 | D:9      | Found a snail-covered altar of Cheibriados.
 15103 | D:10     | Entered Level 10 of the Dungeon
 15869 | D:10     | Noticed a white ugly thing
 15968 | Lair:1   | Entered Level 1 of the Lair of Beasts
 17546 | Lair:1   | Reached XP level 12. HP: 60/95 MP: 13/23
 18926 | Lair:2   | Slain by a cane toad

Illustrated notes

Levels and vault maps discovered:
D:1:      matt_arrival_los_fun, layout_basic
D:2:      layout_rooms, bh_walls_and_bars
D:3:      layout_basic, uniq_terence, uniq_natasha
D:4:      layout_basic, overflow_temple_1_default, minivault_1,
          grunt_gozag_breadcrumbs
D:5:      layout_loops_ring, nicolae_ashenzari_panopticon, okawaru_trees_2
D:6:      layout_basic, general_overflow_altar, old_standard_altar,
          temple_statues, serial_shops, shop, hex_large, tgw_sif,
          uniq_blork_the_orc
D:7:      layout_cave_pods, kennysheep_mini, makhleb_blood_cavern_becter,
          enter_bailey_6, uniq_maggie, uniq_menkaure
D:8:      layout_rooms
D:9:      layout_basic, cheibrodos_worm_habitat, due_lair_maze_entry_diamond,
          uniq_erolcha
D:10:     layout_loops_corners, hiddenorc1_lemuel, grunt_decor_one_mirror,
          hangedman_fish_farm
Lair:1:   layout_cave_pods, patterned_corridor, lemuel_fruit_tree
Lair:2:   layout_gridlike

Skill      XL: |  1  2  3  4  5  6  7  8  9 10 11 12 |
---------------+-------------------------------------+-----
Conjurations   | 2 3 4 5 6 |  6.2
Invocations    | 1 2 3 4 5 6 7 |  7.7
Short Blades   | 1 2 3 4 5 6 7 |  7.0
Long Blades    | 1 2 3 4 5 6 7 |  7.0
Axes           | 1 2 3 4 5 6 7 |  7.0
Maces & Flails | 1 2 3 4 5 6 7 |  7.0
Polearms       | 1 2 3 4 5 6 7 |  7.0
Staves         | 1 2 3 4 5 6 7 |  7.0
Slings         | 1 2 3 4 5 6 7 |  7.0
Bows           | 1 2 3 4 5 6 7 |  7.0
Crossbows      | 1 2 3 4 5 6 7 |  7.0
Armour         | 1 2 3 4 5 6 7 |  7.0
Dodging        | 1 2 3 4 5 6 7 |  7.0
Stealth        | 1 2 3 4 5 6 7 |  7.0
Unarmed Combat | 1 2 3 4 5 6 7 |  7.0
Evocations     | 1 2 3 4 5 6 7 |  7.0
Spellcasting   | 3 4 5 6 7 |  7.6
Hexes          | 1 2 3 4 5 |  5.8
Summonings     | 1 2 3 4 5 |  5.8
Necromancy     | 1 2 3 4 5 |  5.8
Translocations | 1 2 3 4 5 |  5.8
Transmutations | 1 2 3 4 5 |  5.8
Fire Magic     | 1 2 3 4 5 |  5.8
Ice Magic      | 1 2 3 4 5 |  5.8
Air Magic      | 1 2 3 4 5 |  5.8
Earth Magic    | 1 2 3 4 5 |  5.8
Throwing       | 3 4 5 6 7 |  7.5
Shields        | 3 4 5 6 7 |  7.5
Fighting       | 7 8 9 |  9.6
Poison Magic   | 6 7 8 |  8.1

Action                   |  1- 3 |  4- 6 |  7- 9 | 10-12 || total
-------------------------+-------+-------+-------+-------++-------
Melee: Hand axe          |    66 |   122 |   341 |   622 ||  1151
       Bite              |     5 |    11 |    48 |   111 ||   175
       Spear             |       |       |    64 |       ||    64
 Cast: Sting             |    36 |    32 |    19 |     8 ||    95
       Mephitic Cloud    |       |     1 |    25 |    10 ||    36
Invok: Potion Petition   |       |       |     1 |     1 ||     2
       Call Merchant     |       |       |       |     1 ||     1
Evoke: Wand              |       |       |       |     1 ||     1
  Use: Scroll            |     2 |     4 |     6 |     6 ||    18
       Potion            |     2 |       |     7 |       ||     9
 Stab: Sleeping          |       |     9 |     1 |    12 ||    22
       Confused          |       |     1 |     8 |    11 ||    20
       Distracted        |       |       |     1 |     3 ||     4
Armor: Robe              |    14 |     9 |     3 |       ||    26
       Skin              |    15 |       |       |       ||    15
       Ring mail         |       |       |    95 |   117 ||   212
Dodge: Dodged            |    63 |    79 |   261 |   344 ||   747
Block: Buckler           |    36 |    39 |   137 |   179 ||   391

Table legend: (Time is in decaauts)
 A = Elapsed time spent in this place.
 B = Non-inter-level travel time spent in this place.
 C = Inter-level travel time spent in this place.
 D = Time resting spent in this place.
 E = Time spent auto-exploring this place.
 F = Levels seen in this place.
 G = Mean time per level.
                   A        B        C        D        E       F      G
               +--------+--------+--------+--------+--------+-----+--------+
         Total |  19011 |  18449 |    562 |   6335 |   9280 |  13 | 1462.4 |
       Dungeon |  15479 |  14998 |    481 |   5014 |   7658 |  10 | 1547.9 |
          Lair |   2949 |   2869 |     80 |   1043 |   1444 |   2 | 1474.5 |
        Bailey |    581 |    581 |      0 |    278 |    178 |   1 |  581.0 |
               +--------+--------+--------+--------+--------+-----+--------+

Top non-repeatable levels by time:
  Lair:1: 2679 daAuts
     D:5: 2541 daAuts
     D:7: 2039 daAuts
     D:6: 2009 daAuts
     D:9: 1621 daAuts
     D:4: 1461 daAuts
     D:3: 1443 daAuts
     D:1: 1288 daAuts
     D:8: 1239 daAuts
     D:2: 992 daAuts
    D:10: 842 daAuts
  Bailey: 581 daAuts
  Lair:2: 270 daAuts
